 Dungeon Crawl Stone Soup version 0.29.1-1-gd02db6906a (webtiles) character file.

Game seed: 11565073367658976665

1276 lonewolfV2 the Cleaver (level 8, -3/71 HPs)
             Began as a Minotaur Berserker on Oct 16, 2022.
             Was an Elder of Trog.
             Slain by a gnoll
             ... wielding a +0 halberd
              (8 damage)
             ... on level 6 of the Dungeon.
             The game lasted 00:07:48 (6596 turns).

lonewolfV2 the Cleaver (Minotaur Berserker)         Turns: 6596, Time: 00:07:48

Health: -3/71      AC:  6    Str: 25    XL:     8   Next: 29%
Magic:  7/7        EV: 13    Int:  4    God:    Trog [****..]
Gold:   472        SH:  0    Dex:  9    Spells: 7/7 levels left

rFire   . . .      SeeInvis .   a - +1 hand axe
rCold   . . .      Faith    .   (no shield)
rNeg    . . .      Spirit   .   b - +1 animal skin
rPois   .          Reflect  .   (helmet restricted)
rElec   .          Harm     .   (no cloak)
rCorr   .          Rampage  .   g - +2 pair of gloves
Will    ++...                   (no boots)
Stlth   +.........              (no amulet)
HPRegen 1.21/turn               (no ring)
MPRegen 0.10/turn               (no ring)

@: confused, ambrosia-drunk, strong-willed (expiring), on berserk cooldown,
regenerating (expiring), slowed, very slow
A: horns 2, retaliatory headbutt
a: Renounce Religion, Berserk, Trog's Hand, Brothers in Arms


You were on level 6 of the Dungeon.
You worshipped Trog.
Trog was greatly pleased with you.
You visited 1 branch of the dungeon, and saw 6 of its levels.

You collected 472 gold pieces.

Inventory:

Hand Weapons
 a - a +1 hand axe (weapon)
Armour
 b - a +1 animal skin (worn)
 g - a +2 pair of gloves (worn)
Wands
 k - a wand of roots (28)
 m - a wand of light (12)
Scrolls
 p - a scroll of enchant weapon
 s - a scroll of identify
Potions
 c - a potion of ambrosia
 d - 2 potions of haste
 e - a potion of attraction
 f - a potion of brilliance
 h - a potion of flight
 i - 2 potions of curing
 j - a potion of lignification {unknown}
 l - 2 potions of might {unknown}
 n - a potion of heal wounds {unknown}
 o - 2 potions of mutation {unknown}
 q - a potion of invisibility {unknown}
 r - a potion of cancellation {unknown}


   Skills:
 + Level 6.9 Fighting
 + Level 8.9 Axes
 + Level 2.7 Armour
 + Level 5.1 Dodging
 + Level 2.6 Stealth


You had 7 spell levels left.
You didn't know any spells.
Your spell library was empty.

Dungeon Overview and Level Annotations

Branches:
Dungeon (6/15)             Temple (0/1) D:4

Altars:
Gozag
Makhleb
Nemelex Xobeh

Annotations:
D:6 Grinder


Innate Abilities, Weirdness & Mutations

You have a pair of horns on your head.
You reflexively headbutt those who attack you in melee.


Message History

You slash Grinder!
Grinder is moderately wounded.
You hit the gnoll but do no damage. You hit the gnoll.
The gnoll closely misses you. The gnoll barely misses you. Grinder hits you.
You writhe in agony.
* * * LOW HITPOINT WARNING * * *
The gnoll misses you.
You feel better. The gnoll closely misses you. You furiously retaliate!
You headbutt the gnoll!
You kill the gnoll!
Trog accepts your kill. Grinder closely misses you.
The gnoll closely misses you. The gnoll completely misses you.
The gnoll barely misses you.
The orc warrior hits you with a +0 hand axe!
* * * LOW HITPOINT WARNING * * *
Grinder hits you.
* * * LOW HITPOINT WARNING * * *
You writhe in agony.
* * * LOW HITPOINT WARNING * * *
The gnoll closely misses you.
Okay, then.
You feel better.
You feel the effects of Trog's Hand fading.
The gnoll barely misses you.
The orc warrior hits you with a +0 hand axe!
* * * LOW HITPOINT WARNING * * *
The gnoll closely misses you. Grinder misses you. You furiously retaliate!
You headbutt Grinder!
You are confused.
You feel invigorated. The gnoll hits you but does no damage.
The orc warrior misses you. Grinder hits you.
* * * LOW HITPOINT WARNING * * *
You writhe in agony.
* * * LOW HITPOINT WARNING * * *
The gnoll hits you but does no damage. Grinder hits you!
* * * LOW HITPOINT WARNING * * *
You writhe in agony.
* * * LOW HITPOINT WARNING * * *
The gnoll hits you from afar with a +0 halberd!
You die...

#.# ##.# ...#
############### ##.#.#
........#§≈.≈§# #..#.#
.......o#≈.≈.§### #.##.#
......g5@.≈≈≈)'.####.##.#
......og#§.§.§#..##..##..
........#≈≈.≈≈#..........
........#######..........
...?..... #...........
......... #...........
......... #...........
.......... #........†..
##+####.....


You could see Grinder, an orc warrior, 2 gnolls and an orc.

Vanquished Creatures
  A water moccasin (D:3)
  A black bear (D:6)
  2 ogres
  2 phantoms (D:5)
  2 scorpions
  3 hounds
  2 jellies
  2 orc priests (D:6)
  A gnoll bouda (D:5)
  5 iguanas (D:5)
  2 orc wizards
  6 gnolls
  5 adders
  5 worms
  4 dart slugs
  13 orcs
  10 endoplasms
  6 giant cockroaches
  4 goblins
  8 hobgoblins
  4 jackals (D:4)
  10 kobolds
  6 quokkas
  6 ball pythons
  7 bats
  4 frilled lizards
  6 rats
127 creatures vanquished.

Vanquished Creatures (others)
  A plant (D:4)
  3 toadstools (D:3)
4 creatures vanquished.

Grand Total: 131 creatures vanquished

Notes
Turn   | Place    | Note
-------+----------+-------------------------------------------
     0 | D:1      | lonewolfV2 the Minotaur Berserker began the quest for the
                  | Orb.
     0 | D:1      | Reached XP level 1. HP: 19/19 MP: 0/0
   290 | D:1      | Reached skill level 4 in Axes
   308 | D:1      | Reached XP level 2. HP: 27/27 MP: 1/1
   653 | D:1      | Found a faded altar of an unknown god.
  1194 | D:2      | Found an opulent altar of Gozag.
  1308 | D:2      | Reached ** piety under Trog
  1309 | D:2      | Reached XP level 3. HP: 23/33 MP: 2/2
  2139 | D:3      | Reached XP level 4. HP: 30/41 MP: 3/3
  2640 | D:3      | Noticed a scorpion
  2647 | D:3      | Killed a scorpion
  2648 | D:3      | Reached skill level 5 in Axes
  2648 | D:3      | Reached XP level 5. HP: 39/47 MP: 4/4
  2773 | D:3      | Noticed a water moccasin
  2779 | D:3      | Killed a water moccasin
  2780 | D:3      | Reached skill level 5 in Fighting
  2780 | D:3      | Reached skill level 1 in Stealth
  3015 | D:3      | You fall into a shaft and drop 2 floors!
  3015 | D:5      | Entered Level 5 of the Dungeon
  3019 | D:5      | Noticed an ogre
  3026 | D:5      | Killed an ogre
  3027 | D:5      | Reached skill level 6 in Axes
  3027 | D:5      | Reached XP level 6. HP: 56/56 MP: 5/5
  3273 | D:5      | Found a sparkling altar of Nemelex Xobeh.
  3498 | D:4      | Reached skill level 7 in Axes
  3498 | D:4      | Reached XP level 7. HP: 14/61 MP: 6/6
  3863 | D:4      | Reached *** piety under Trog
  4284 | D:4      | Found a staircase to the Ecumenical Temple.
  5330 | D:5      | Reached skill level 8 in Axes
  5358 | D:5      | Found a burning altar of Makhleb.
  5657 | D:5      | Reached XP level 8. HP: 49/71 MP: 7/7
  6535 | D:6      | Reached **** piety under Trog
  6575 | D:6      | Noticed Grinder
  6582 | D:6      | Reached skill level 5 in Dodging
  6596 | D:6      | Slain by a gnoll

Illustrated notes

Levels and vault maps discovered:
D:1:      dpeg_arrival_central, layout_loops_ring,
          shapermc_ecumenical_altar_acropolis
D:2:      layout_loops_ring, basic_altar, minmay_split_cup_large
D:3:      minmay_razor_zed, layout_loops_corners, minmay_gold_behind_fungi,
          kennysheep_another_room
D:4:      layout_layer_cave, minmay_temple_entry_gardened_gates
D:5:      layout_basic, makhleb_heckhound_becter, mainiacjoe_overflow_alcove_2,
          gup_sewer_entry_spiral
D:6:      layout_basic, doesnt_xom_only_xom, marbit_many_paths,
          kennysheep_generic_room_13, uniq_grinder

Skill      XL: |  1  2  3  4  5  6  7  8 |
---------------+-------------------------+-----
Axes           | 4 5 6 7 8 |  8.9
Fighting       | 4 5 6 |  6.9
Dodging        | 3 4 5 |  5.1
Stealth        | 1 2 |  2.6
Armour         | |  2.7

Action                   |  1- 3 |  4- 6 |  7- 9 || total
-------------------------+-------+-------+-------++-------
Melee: Hand axe          |    87 |    57 |   149 ||   293
       Headbutt          |    10 |    15 |    27 ||    52
       Punch             |     1 |     1 |     1 ||     3
Invok: Berserk           |       |     2 |     1 ||     3
       Trog's Hand       |       |     1 |     1 ||     2
  Use: Scroll            |     5 |       |     7 ||    12
       Potion            |       |       |     3 ||     3
 Stab: Sleeping          |     2 |       |     1 ||     3
Armor: Animal skin       |    33 |    14 |    40 ||    87
Dodge: Dodged            |    67 |    35 |    99 ||   201
